TOP OF THE 1ST |
---|
Eau Claire Esquires batting - Pitching for Colorado Commanders : RHP Alejandro Herrera | Pitching: RHP Alejandro Herrera | | Batting: LHB Johnny Foley | 0-0: Called Strike 0-1: Ball 1-1: Ball 2-1: Ball 3-1: Base on Balls | Batting: RHB Kyle McIntyre | 0-0: SINGLE (Groundball, 34S) (infield hit) Johnny Foley to second | Batting: RHB Jesús Ramos | 0-0: Ball 1-0: Ball 2-0: Swinging Strike 2-1: Ball 3-1: Foul Ball, location: 2F 3-2: Foul Ball, location: 2F 3-2: Foul Ball, location: 2F 3-2: Grounds into double play, 5-4-3 (Groundball, 56) Johnny Foley to third | Batting: RHB Luis Cherena | 0-0: Called Strike 0-1: Ball 1-1: Ball 2-1: Ground out 6-3 (Groundball, 6) | Top of the 1st over - 0 runs, 1 hit, 0 errors, 1 left on base; Eau Claire 0 - Colorado 0 | BOTTOM OF THE 1ST |
---|
Colorado Commanders batting - Pitching for Eau Claire Esquires : LHP César Galván | Pitching: LHP César Galván | | Batting: SHB Pancho Vásquez | 0-0: Called Strike 0-1: SINGLE (Groundball, 56D) | Batting: RHB Joe Roberts | 0-0: Swinging Strike 0-1: Ball Pancho Vásquez steals 2nd base 1-1: Fly out, F9 (Flyball, 9LSF) | Batting: RHB Júlio Ramos | 0-0: Ball 1-0: Called Strike Pancho Vásquez steals 3rd base 1-1: 2-RUN HOME RUN (Line Drive, 7LD), Distance : 355 ft | Batting: RHB Kyle Vélez | 0-0: Swinging Strike 0-1: Foul Ball, location: 2F 0-2: Fly out, F6 (Popup, 6MS) | Batting: RHB Roberto Rodríguez | 0-0: Ball 1-0: Ball 2-0: SINGLE (Groundball, 6MD) | Batting: RHB Nick Crosby | 0-0: Ball 1-0: Called Strike 1-1: Ball 2-1: 2-RUN HOME RUN (Line Drive, 78XD), Distance : 401 ft | Batting: RHB Tony Barton | 0-0: Foul Ball, location: 2F 0-1: Ball 1-1: Foul Ball, location: 2F 1-2: Ball 2-2: Ball 3-2: Strikes out swinging | Bottom of the 1st over - 4 runs, 4 hits, 0 errors, 0 left on base; Eau Claire 0 - Colorado 4 | TOP OF THE 2ND |
---|
Eau Claire Esquires batting - Pitching for Colorado Commanders : RHP Alejandro Herrera | Batting: RHB Terry Perkins | 0-0: Called Strike 0-1: Called Strike 0-2: Strikes out swinging | Batting: LHB Steve Arnold | 0-0: Ball 1-0: Foul Ball, location: 2F 1-1: Called Strike 1-2: Ball 2-2: Ball 3-2: Strikes out looking | Batting: RHB Jonathan Jackson | 0-0: Ball 1-0: Ball 2-0: Foul Ball, location: 2F 2-1: Ball 3-1: Foul Ball, location: 2F 3-2: Foul Ball, location: 2F 3-2: Strikes out swinging | Top of the 2nd over - 0 runs, 0 hits, 0 errors, 0 left on base; Eau Claire 0 - Colorado 4 | BOTTOM OF THE 2ND |
---|
Colorado Commanders batting - Pitching for Eau Claire Esquires : LHP César Galván | Batting: RHB Alfredo Salinas | 0-0: Foul Ball, location: 2F 0-1: Foul Ball, location: 2F 0-2: Foul Ball, location: 2F 0-2: Ball 1-2: Ball 2-2: Foul Ball, location: 2F 2-2: Strikes out swinging | Batting: RHB Eric Patrick | 0-0: Called Strike 0-1: Called Strike 0-2: Ground out 4-3 (Groundball, 4) | Batting: SHB Pancho Vásquez | 0-0: Ball 1-0: SOLO HOME RUN (Flyball, 78XD), Distance : 381 ft | Batting: RHB Joe Roberts | 0-0: Called Strike 0-1: Ball 1-1: Called Strike 1-2: Ball 2-2: Ball 3-2: Strikes out swinging | Bottom of the 2nd over - 1 run, 1 hit, 0 errors, 0 left on base; Eau Claire 0 - Colorado 5 | TOP OF THE 3RD |
---|
Eau Claire Esquires batting - Pitching for Colorado Commanders : RHP Alejandro Herrera | Batting: RHB Chet White | 0-0: Foul Ball, location: 2F 0-1: Called Strike 0-2: Strikes out swinging | Batting: RHB Jason Smith | 0-0: Ball 1-0: Swinging Strike 1-1: Ball 2-1: Ball 3-1: SINGLE (Groundball, 56D) | Batting: LHB Johnny Foley | 0-0: Ball 1-0: Called Strike 1-1: Called Strike 1-2: Ball 2-2: Grounds into double play, 5-4-3 (Groundball, 5) | Top of the 3rd over - 0 runs, 1 hit, 0 errors, 0 left on base; Eau Claire 0 - Colorado 5 | BOTTOM OF THE 3RD |
---|
Colorado Commanders batting - Pitching for Eau Claire Esquires : LHP César Galván | Batting: RHB Júlio Ramos | 0-0: Ball 1-0: Ground out 6-3 (Groundball, 6) | Batting: RHB Kyle Vélez | 0-0: SINGLE (Groundball, 56S) (infield hit) | Batting: RHB Roberto Rodríguez | 0-0: Fly out, F4 (Popup, 34) | Batting: RHB Nick Crosby | 0-0: Ball 1-0: Foul Ball, location: 2F 1-1: Ball 2-1: Foul Ball, location: 2F 2-2: Foul Ball, location: 2F 2-2: Ball 3-2: Base on Balls Kyle Vélez to second | Batting: RHB Tony Barton | 0-0: Called Strike 0-1: Ball 1-1: Ground out 4-3 (Groundball, 4S) | Bottom of the 3rd over - 0 runs, 1 hit, 0 errors, 2 left on base; Eau Claire 0 - Colorado 5 | TOP OF THE 4TH |
---|
Eau Claire Esquires batting - Pitching for Colorado Commanders : RHP Alejandro Herrera | Batting: RHB Kyle McIntyre | 0-0: Ball 1-0: Ball 2-0: Ball 3-0: Swinging Strike 3-1: Base on Balls | Batting: RHB Jesús Ramos | 0-0: Called Strike 0-1: Ball 1-1: Ball 2-1: Grounds into double play, 6-4-3 (Groundball, 6) | Batting: RHB Luis Cherena | 0-0: Ball 1-0: Called Strike 1-1: Swinging Strike 1-2: Ball 2-2: Strikes out swinging | Top of the 4th over - 0 runs, 0 hits, 0 errors, 0 left on base; Eau Claire 0 - Colorado 5 | BOTTOM OF THE 4TH |
---|
Colorado Commanders batting - Pitching for Eau Claire Esquires : LHP César Galván | Batting: RHB Alfredo Salinas | 0-0: Called Strike 0-1: Ball 1-1: SINGLE (Line Drive, 6MD) | Batting: RHB Eric Patrick | 0-0: Ball 1-0: Ball 2-0: Ball 3-0: Called Strike 3-1: Swinging Strike 3-2: Strikes out swinging | Batting: SHB Pancho Vásquez | 0-0: Ball 1-0: Ball 2-0: Called Strike 2-1: Ball 3-1: Fielders Choice at 2nd, 6-4 (Groundball, 6) | Batting: RHB Joe Roberts | 0-0: Ball Wild Pitch! Pancho Vásquez to second 1-0: Ground out 5-3 (Groundball, 56) | Bottom of the 4th over - 0 runs, 1 hit, 0 errors, 1 left on base; Eau Claire 0 - Colorado 5 | TOP OF THE 5TH |
---|
Eau Claire Esquires batting - Pitching for Colorado Commanders : RHP Alejandro Herrera | Now at SS: Alfonso Flores | | Batting: RHB Terry Perkins | 0-0: Ball 1-0: Swinging Strike 1-1: Swinging Strike 1-2: SINGLE (Groundball, 56S) (infield hit) | Batting: LHB Steve Arnold | 0-0: Called Strike 0-1: Swinging Strike 0-2: Fly out, F8 (Flyball, 8RS) | Batting: RHB Jonathan Jackson | 0-0: Ball 1-0: Called Strike 1-1: Foul Ball, location: 2F 1-2: Ball 2-2: Foul Ball, location: 2F 2-2: Strikes out swinging | Batting: RHB Chet White | 0-0: Called Strike 0-1: Ball 1-1: Ball 2-1: Foul Ball, location: 2F 2-2: Strikes out swinging | Top of the 5th over - 0 runs, 1 hit, 0 errors, 1 left on base; Eau Claire 0 - Colorado 5 | BOTTOM OF THE 5TH |
---|
Colorado Commanders batting - Pitching for Eau Claire Esquires : LHP César Galván | Pitching: RHP Jorge Sierra | | Batting: RHB Júlio Ramos | 0-0: Foul Ball, location: 2F 0-1: Called Strike 0-2: Ball 1-2: Ball 2-2: Ball 3-2: Strikes out looking | Batting: RHB Kyle Vélez | 0-0: Called Strike 0-1: Ball 1-1: Foul Ball, location: 2F 1-2: Fly out, F7 (Flyball, 78D) | Batting: RHB Roberto Rodríguez | 0-0: Ground out 5-3 (Groundball, 5) | Bottom of the 5th over - 0 runs, 0 hits, 0 errors, 0 left on base; Eau Claire 0 - Colorado 5 | TOP OF THE 6TH |
---|
Eau Claire Esquires batting - Pitching for Colorado Commanders : RHP Alejandro Herrera | Batting: RHB Jason Smith | 0-0: Ball 1-0: SINGLE (Line Drive, 7LM) | Batting: LHB Johnny Foley | 0-0: Foul Ball, location: 2F 0-1: Foul Ball, location: 2F 0-2: Fielders Choice at 2nd, 4-6 (Groundball, 4M) | Batting: RHB Kyle McIntyre | 0-0: Fly out, F3 (Line Drive, 34) Lined into DP, U3 (Line Drive, 34) | Top of the 6th over - 0 runs, 1 hit, 0 errors, 0 left on base; Eau Claire 0 - Colorado 5 | BOTTOM OF THE 6TH |
---|
Colorado Commanders batting - Pitching for Eau Claire Esquires : RHP Jorge Sierra | Batting: RHB Nick Crosby | 0-0: Ball 1-0: Ball 2-0: Fly out, F5 (Line Drive, 5) | Batting: RHB Tony Barton | 0-0: Called Strike 0-1: DOUBLE (Line Drive, 7LD) | Batting: RHB Alfonso Flores | 0-0: Called Strike Tony Barton steals 3rd base Balk! Tony Barton scores 0-1: Ball 1-1: Ball 2-1: Ground out 5-3 (Groundball, 56) | Batting: RHB Eric Patrick | 0-0: Called Strike 0-1: Foul Ball, location: 2F 0-2: SINGLE (Groundball, 34D) | Pitching: RHP Todd Bevins | | Batting: SHB Pancho Vásquez | 0-0: Called Strike Eric Patrick steals 2nd base 0-1: Foul Ball, location: 2F 0-2: Ball 1-2: Ball 2-2: Strikes out swinging | Bottom of the 6th over - 1 run, 2 hits, 0 errors, 1 left on base; Eau Claire 0 - Colorado 6 | TOP OF THE 7TH |
---|
Eau Claire Esquires batting - Pitching for Colorado Commanders : RHP Alejandro Herrera | Now at 3B: Carlos Hernández | | Batting: RHB Jesús Ramos | 0-0: Ball 1-0: Ball 2-0: Ball 3-0: Base on Balls | Batting: RHB Luis Cherena | 0-0: Ball 1-0: Ball 2-0: Swinging Strike 2-1: Foul Ball, location: 2F 2-2: Strikes out swinging | Batting: RHB Terry Perkins | 0-0: Ball Throwing error on steal attempt, E2 Jesús Ramos to third 1-0: Fly out, F8 (Flyball, 8LXD) Runner from 3rd tags up, SCORES, no throw | Batting: LHB Steve Arnold | 0-0: Ball 1-0: Foul Ball, location: 2F 1-1: Ball 2-1: Ball 3-1: DOUBLE (Flyball, 78D) | Batting: RHB Jonathan Jackson | 0-0: Ball 1-0: Fly out, F9 (Flyball, 9) | Top of the 7th over - 1 run, 1 hit, 1 error, 1 left on base; Eau Claire 1 - Colorado 6 | BOTTOM OF THE 7TH |
---|
Colorado Commanders batting - Pitching for Eau Claire Esquires : RHP Todd Bevins | Batting: RHB Joe Roberts | 0-0: Ball 1-0: Ball 2-0: Called Strike 2-1: Ground out 5-3 (Groundball, 56) | Batting: RHB Júlio Ramos | 0-0: Fly out, F2 (Popup, 2RF) | Batting: RHB Kyle Vélez | 0-0: Ball 1-0: Fly out, F9 (Flyball, 9D) | Bottom of the 7th over - 0 runs, 0 hits, 0 errors, 0 left on base; Eau Claire 1 - Colorado 6 | TOP OF THE 8TH |
---|
Eau Claire Esquires batting - Pitching for Colorado Commanders : RHP Alejandro Herrera | Pitching: LHP Homer Bryan | | Now at 1B: Torajiro Ito | | Batting: RHB Chet White | 0-0: SINGLE (Groundball, 6MD) | Batting: RHB Jason Smith | 0-0: Called Strike 0-1: Foul Ball, location: 2F 0-2: Ball 1-2: Strikes out swinging | Batting: LHB Johnny Foley | 0-0: Called Strike 0-1: Swinging Strike 0-2: Ball 1-2: Foul Ball, location: 2F 1-2: Hit by Pitch Chet White to second | Batting: RHB Kyle McIntyre | 0-0: Called Strike 0-1: Grounds into double play, 4-6-3 (Groundball, 34) | Top of the 8th over - 0 runs, 1 hit, 0 errors, 1 left on base; Eau Claire 1 - Colorado 6 | BOTTOM OF THE 8TH |
---|
Colorado Commanders batting - Pitching for Eau Claire Esquires : RHP Todd Bevins | Batting: RHB Roberto Rodríguez | 0-0: Called Strike 0-1: Ball 1-1: Called Strike 1-2: Foul Ball, location: 2F 1-2: Ground out 6-3 (Groundball, 6M) | Batting: RHB Nick Crosby | 0-0: Foul Ball, location: 2F 0-1: Ball 1-1: Ball 2-1: Swinging Strike 2-2: Foul Ball, location: 2F 2-2: Strikes out swinging | Batting: RHB Carlos Hernández | 0-0: Ground out 6-3 (Groundball, 6) | Bottom of the 8th over - 0 runs, 0 hits, 0 errors, 0 left on base; Eau Claire 1 - Colorado 6 | TOP OF THE 9TH |
---|
Eau Claire Esquires batting - Pitching for Colorado Commanders : LHP Homer Bryan | Batting: RHB Jesús Ramos | 0-0: Ground out 5-3 (Groundball, 56) | Batting: RHB Luis Cherena | 0-0: Ball 1-0: Fly out, F4 (Popup, 4S) | Batting: RHB Terry Perkins | 0-0: Called Strike 0-1: Called Strike 0-2: DOUBLE (Line Drive, 9LS) - OUT at third base trying to stretch hit. | Top of the 9th over - 0 runs, 1 hit, 0 errors, 0 left on base; Eau Claire 1 - Colorado 6 | |